 Dungeon Crawl Stone Soup version 0.29.1-13-g9f3cf754e1 (webtiles) character file.

Game seed: 13392509185016749030

77 Sanktem7 the Trooper (level 4, -2/41 HPs)
             Began as a Minotaur Fighter on Jan 25, 2023.
             Killed from afar by an orc wizard (5 damage)
             ... with a magic dart
             ... on level 2 of the Dungeon.
             The game lasted 00:01:45 (1117 turns).

Sanktem7 the Trooper (Minotaur Fighter)             Turns: 1117, Time: 00:01:45

Health: -2/41      AC:  7    Str: 23    XL:     4   Next: 13%
Magic:  3/3        EV:  9    Int:  5    God:
Gold:   47         SH:  4    Dex:  9    Spells: 3/3 levels left

rFire   . . .      SeeInvis .   a - +0 war axe {axe}
rCold   . . .      Faith    .   c - +0 buckler
rNeg    . . .      Spirit   .   b - +0 scale mail
rPois   .          Reflect  .   (helmet restricted)
rElec   .          Harm     .   (no cloak)
rCorr   .          Rampage  .   (no gloves)
Will    .....                   (no boots)
Stlth   ..........              (no amulet)
HPRegen 0.13/turn               (no ring)
MPRegen 0.08/turn               (no ring)

@: no status effects
A: horns 2, retaliatory headbutt
a: no special abilities


You were on level 2 of the Dungeon.
You visited 1 branch of the dungeon, and saw 2 of its levels.

You collected 47 gold pieces.


Innate Abilities, Weirdness & Mutations

You have a pair of horns on your head.
You reflexively headbutt those who attack you in melee.


   Skills:
 * Level 4.7 Fighting
 * Level 3.9 Axes
 + Level 4.2 Armour
 - Level 3.6 Shields


You had 3 spell levels left.
You didn't know any spells.
Your spell library was empty.

Inventory:

Hand Weapons
 a - a +0 war axe (weapon) {axe}
Missiles
 e - 20 stones (quivered) {throwing}
 n - 4 poisoned darts {throwing}
 p - 6 javelins {throwing}
Armour
 b - a +0 scale mail (worn)
 c - a +0 buckler (worn)
Jewellery
 r - an amulet of regeneration {@e2}
   (You found it on level 2 of the Dungeon)
Scrolls
 f - a scroll of amnesia {unknown}
 g - 2 scrolls of identify {unknown}
 h - a scroll of vulnerability {unknown}
 i - a scroll of enchant armour {unknown}
 j - a scroll of teleportation {unknown}
 o - a scroll of immolation {unknown}
 q - a scroll of blinking {unknown}
Potions
 d - a potion of might
 k - a potion of resistance {unknown}
 l - a potion of degeneration {unknown}
 m - 2 potions of invisibility {unknown}

Dungeon Overview and Level Annotations

Branches:
Dungeon (2/15) Zot: 10855

Altars:
Fedhas

......)....# #.####
########...###.....
#.#.....###.
#.###.#.....
##.###.#####. .
##...##.......
...####
##.#.#.#.######
......{###.#...#..#
##
#{@........<.#####.
#####..............
#......).#####.
#........####..
#.#..........##
#.#...#..##.##
#^#.###..#.##
#.#........#
#.#####..#.##


There were no monsters in sight!


Message History

A magic dart appears from out of thin air!
The magic dart hits something.
Something hits you but does no damage. The orc hits you but does no damage.
You hit something but do no damage. Your headbutt misses something.
You closely miss the orc.
You hear some strange, mumbled words.
You block the orc's attack.
Something hits the orc.
The orc dies!
You closely miss something.
A magic dart appears from out of thin air!
The magic dart hits something.
Something hits you but does no damage.
You hit something but do no damage.
A magic dart appears from out of thin air!
The magic dart hits something.
You hit something but do no damage. You headbutt something.
You barely miss something. Something hits you.
Something hits you but does no damage. 😮 HP[-2]
You take 2 damage, and now have 22/34 hp.
You closely miss something. Your headbutt misses something.
You barely miss something. Something hits you. 😮 HP[-3]
You take 3 damage, and now have 19/34 hp.
You barely miss something. You hit something but do no damage.
You block something's attack.
You hear some strange, mumbled words.
A magic dart appears from out of thin air!
The magic dart hits you.
* * * LOW HITPOINT WARNING * * *
Something hits you.
* * * LOW HITPOINT WARNING * * *
Something hits you but does no damage. 😨 HP[-6]
You take 6 damage, and now have 13/34 hp.
You closely miss something. You headbutt something.
Reactivating autopickup.
You feel a bit more experienced.
You closely miss something. Something hits you but does no damage.
Deactivating autopickup; reactivate with Ctrl-A.
You have reached level 4!
You feel stronger. 😨 HP[+3] MP[+1]
You now have 41 max hp (+7).
You regained 3 hp, and now have 16/41 hp.
Your mp is fully restored (3).
You barely miss something. You miss something.
You hear some strange, mumbled words.
A puff of flame appears from out of thin air!
You block the puff of flame. Something hits you but does no damage.
You closely miss something. You miss something. Something hits you.
* * * LOW HITPOINT WARNING * * *
You hear some strange, mumbled words.
You are confused.
Something hits you.
* * * LOW HITPOINT WARNING * * *
Something hits you but does no damage. 😨 HP[-3]
You take 3 damage, and now have 13/41 hp.
You miss something. Your headbutt misses something. You barely miss something.
Something hits you but does no damage. x2
You miss something. Your headbutt misses something. You barely miss something.
Something hits you but does no damage. Something hits you.
* * * LOW HITPOINT WARNING * * *
😨 HP[-1]
You take 1 damage, and now have 12/41 hp.
You miss something. Your headbutt misses something. You miss something.
Something hits you.
* * * LOW HITPOINT WARNING * * *
You hear some strange, mumbled words.
A magic dart appears from out of thin air!
The magic dart hits you but does no damage.
Something hits you but does no damage. Something hits you.
* * * LOW HITPOINT WARNING * * *
😱 HP[-3]
You take 3 damage, and now have 9/41 hp.
You miss something. Your headbutt misses something. You hit something.
Something hits you but does no damage. x2
You bump into the rock wall.
You feel less confused. Something hits you.
* * * LOW HITPOINT WARNING * * *
You hear some strange, mumbled words.
A puff of flame appears from out of thin air!
The puff of flame misses you. 😱 HP[-1]
You take 1 damage, and now have 8/41 hp.
You miss something. x2; Something hits you.
* * * LOW HITPOINT WARNING * * *
You hear some strange, mumbled words.
Something tries to affect you, but you resist.
Something hits you but does no damage. x2 😱 HP[-2]
You take 2 damage, and now have 6/41 hp.
You slash something! Your headbutt misses something. You miss something.
Something hits you.
* * * LOW HITPOINT WARNING * * *
You hear some strange, mumbled words.
A magic dart appears from out of thin air!
The magic dart hits you.
You die...

Skill      XL: |  1  2 |
---------------+-------+-----
Fighting       | 4 |  4.7
Axes           | 3 |  3.9
Armour         | 4 |  4.2
Shields        | |  3.6

Action                   |  1- 3 |  4- 6 || total
-------------------------+-------+-------++-------
Melee: War axe           |    62 |     8 ||    70
       Headbutt          |    11 |       ||    11
Armor: Scale mail        |    36 |    11 ||    47
Dodge: Dodged            |    33 |     1 ||    34
Block: Buckler           |    16 |     1 ||    17

Levels and vault maps discovered:
D:1:      scummos_arrival_hexagon, layout_basic
D:2:      layout_loops_ring, basic_ecumenical_altar, basic_altar

Notes
Turn   | Place    | Note
-------+----------+-------------------------------------------
     0 | D:1      | Sanktem7 the Minotaur Fighter began the quest for the Orb.
     0 | D:1      | Reached XP level 1. HP: 19/19 MP: 0/0
     0 | D:1      | magus.rc [v1.9.6]
   129 | D:1      | Reached XP level 2. HP: 27/27 MP: 1/1
   151 | D:1      | Reached skill level 4 in Fighting
   311 | D:1      | Reached skill level 3 in Axes
   699 | D:2      | Found a blossoming altar of Fedhas.
   887 | D:2      | Reached skill level 4 in Armour
   902 | D:2      | Reached XP level 3. HP: 21/34 MP: 2/2
  1109 | D:2      | Reached XP level 4. HP: 16/41 MP: 3/3
  1113 | D:2      | HP: 9/41 [something (2)]
  1117 | D:2      | HP: 3/41 [something (3)]
  1117 | D:2      | Killed from afar by an orc wizard

Vanquished Creatures
  2 orc wizards (D:2)
  An adder (D:2)
  An orc (D:2)
  3 endoplasms
  2 giant cockroaches
  3 goblins (D:1)
  A hobgoblin (D:1)
  4 quokkas
  5 bats
  2 frilled lizards
  3 kobolds
  A rat (D:1)
28 creatures vanquished.

Vanquished Creatures (others)
  An orc (D:2)
1 creature vanquished.

Grand Total: 29 creatures vanquished

Table legend:
 A = Non-vault XP
 B = Vault XP
 C = Vault XP percentage of total XP
 D = Non-vault monster count
 E = Vault monster count
 F = Vault count percentage of total count
                 A         B        C        D         E       F
            +---------+---------+-------+---------+---------+-------
      Total |     110 |       0 |   0.0 |      29 |       0 |   0.0
            +---------+---------+-------+---------+---------+-------
        D:1 |      25 |       0 |   0.0 |      16 |       0 |   0.0
        D:2 |      85 |       0 |   0.0 |      13 |       0 |   0.0
            +---------+---------+-------+---------+---------+-------

Illustrated notes

Table legend:
 A = Kills in this place as a percentage of kills in entire the game.
 B = Kills by you in this place as a percentage of kills by you in the entire game.
 C = Kills by friends in this place as a percentage of kills by friends in the entire game.
 D = Other kills in this place as a percentage of other kills in the entire game.
 E = Experience gained in this place as a percentage of experience gained in the entire game.
 F = Experience gained in this place divided by the number of levels of this place that you have seen.
                   A       B       C       D       E      F
               +-------+-------+-------+-------+-------+----------------------
         Total | 100.0 | 100.0 |   N/A | 100.0 | 100.0 |  55.0
       Dungeon | 100.0 | 100.0 |   N/A | 100.0 | 100.0 |  55.0
               +-------+-------+-------+-------+-------+----------------------

Table legend: (Time is in decaauts)
 A = Elapsed time spent in this place.
 B = Non-inter-level travel time spent in this place.
 C = Inter-level travel time spent in this place.
 D = Time resting spent in this place.
 E = Time spent auto-exploring this place.
 F = Levels seen in this place.
 G = Mean time per level.
                   A        B        C        D        E       F      G
               +--------+--------+--------+--------+--------+-----+--------+
         Total |   1143 |   1135 |      8 |      0 |    943 |   2 |  571.5 |
       Dungeon |   1143 |   1135 |      8 |      0 |    943 |   2 |  571.5 |
               +--------+--------+--------+--------+--------+-----+--------+

Top non-repeatable levels by time:
     D:1: 587 daAuts
     D:2: 555 daAuts
